 Dungeon Crawl Stone Soup version 0.22.1-1-ga44c0e56f4 (webtiles) character file.

199 Lisan the Poker (level 5, -1/45 HPs)
             Began as a Minotaur Gladiator on Oct 3, 2018.
             Slain by Sotto's ghost (7 damage)
             ... on level 3 of the Dungeon.
             The game lasted 00:11:30 (2579 turns).

Lisan the Poker (Minotaur Gladiator)                Turns: 2579, Time: 00:11:30

Health: -1/45      AC:  3    Str: 19    XL:     5   Next: 48%
Magic:  4/4        EV: 13    Int:  5    God:
Gold:   169        SH:  0    Dex: 12    Spells: 4/4 levels left

rFire    . . .     SeeInvis .   a - +0 trident
rCold    . . .     Gourm    .   (no shield)
rNeg     . . .     Faith    .   b - +0 leather armour
rPois    .         Spirit   .   c - +0 hat
rElec    .         Reflect  .   (no cloak)
rCorr    .         Harm     .   (no gloves)
MR       .....                  (no boots)
Stlth    +.........             (no amulet)
HPRegen  0.15/turn              (no ring)
MPRegen  0.09/turn              (no ring)

@: lethally poisoned (-1 -> -7)
A: retaliatory headbutt, horns 2
a: no special abilities


You were on level 3 of the Dungeon.
You were not hungry.

You visited 1 branch of the dungeon, and saw 3 of its levels.

You collected 169 gold pieces.

Inventory:

Hand Weapons
 a - a +0 trident (weapon)
 h - a +0 spear
 i - a cursed -2 flail
 q - a +1 whip of venom
 r - a +0 hunting sling
Missiles
 d - 2 throwing nets (quivered)
 o - 14 arrows
Armour
 b - a +0 leather armour (worn)
 c - a +0 hat (worn)
 j - a +0 leather armour
 n - a +0 leather armour
Jewellery
 p - an uncursed ring of fire {unknown}
Scrolls
 e - 2 scrolls of amnesia
 l - a scroll of teleportation {unknown}
 m - a scroll of identify {unknown}
Potions
 k - a potion of curing {unknown}
Comestibles
 f - 7 rations


   Skills:
 + Level 3.3 Fighting
 + Level 5.4 Polearms
 + Level 2.1 Throwing
 + Level 2.2 Armour
 + Level 4.2 Dodging
 + Level 1.2 Stealth


You had 4 spell levels left.
You didn't know any spells.
Your spell library was empty.

Dungeon Overview and Level Annotations

Branches:
Dungeon (3/15)

Altars:
Ashenzari
Ru
Sif Muna

Annotations:
D:3 Sotto's ghost, amateur HuAM


Innate Abilities, Weirdness & Mutations

You reflexively headbutt those who attack you in melee.
You have a pair of horns on your head.


Message History

You kill the kobold!
Sotto's ghost misses you.
You closely miss the kobold. You headbutt the kobold.
The kobold is heavily wounded.
You feel sick. Sotto's ghost barely misses you. You furiously retaliate!
You headbutt Sotto's ghost, but do no damage.
You completely miss the kobold. Your headbutt misses the kobold.
The kobold is heavily wounded.
You feel sick. The kobold barely misses you. You furiously retaliate!
You headbutt the kobold, but do no damage.
Sotto's ghost hits you.
* * * LOW HITPOINT WARNING * * *
You puncture the kobold!
You kill the kobold!
Sotto's ghost closely misses you.
You puncture the kobold!
You kill the kobold!
* * * LOW HITPOINT WARNING * * *
You feel sick. Sotto's ghost hits you!
You die...

.#.# #.#.# .#.# #.#.#
.#.######.#.###########
.#....................#
.##.......###########.##
.#........'............#
.#........####################
.#........# #....#...........#
.#........# #.##@#.#########.#
.#........###.#WK#.### #.#
.#............#K.#...##### #.#
.#.######.....##.#..##≈⌠≈###.#
.#.# #............K#.....##.#
.#.####+#.....##.#KW'K###..####
..............##...K'K.....#..#
..............##....'.###..#.##
....................#.K...##.#


You could see Sotto's ghost and 2 kobolds.

Vanquished Creatures
  A big kobold (D:3)
  An orc priest (D:3)
  2 adders
  An adder zombie (D:3)
  3 worms
  5 orcs (D:3)
  A ball python (D:2)
  6 giant cockroaches
  10 goblins
  7 hobgoblins
  4 jackals (D:2)
  8 bats
  A frilled lizard (D:1)
  9 kobolds
  14 rats
73 creatures vanquished.

Vanquished Creatures (others)
  2 fungi (D:3)
  2 plants (D:3)
4 creatures vanquished.

Grand Total: 77 creatures vanquished

Notes
Turn   | Place    | Note
-------+----------+-------------------------------------------
     0 | D:1      | Lisan the Minotaur Gladiator began the quest for the Orb.
     0 | D:1      | Reached XP level 1. HP: 18/18 MP: 0/0
   165 | D:1      | Reached XP level 2. HP: 22/25 MP: 1/1
   197 | D:1      | Reached skill level 4 in Polearms
   842 | D:2      | Reached XP level 3. HP: 23/30 MP: 2/2
  1020 | D:2      | Found a sacrificial altar of Ru.
  1331 | D:2      | Found a deep blue altar of Sif Muna.
  1525 | D:3      | Reached XP level 4. HP: 30/37 MP: 3/3
  1543 | D:3      | Reached skill level 1 in Stealth
  1658 | D:3      | Found a shattered altar of Ashenzari.
  1722 | D:3      | Found a runed gate.
  1724 | D:3      | Found a runed gate.
  1724 | D:3      | Found a runed gate.
  1726 | D:3      | Noticed Sotto's ghost (amateur HuAM)
  1727 | D:3      | Noticed a big kobold
  1901 | D:3      | Reached skill level 1 in Armour
  2089 | D:3      | Reached skill level 5 in Polearms
  2574 | D:3      | Killed a big kobold
  2574 | D:3      | Reached XP level 5. HP: 15/45 MP: 4/4
  2579 | D:3      | Slain by Sotto's ghost

Skill      XL: |  1  2  3  4 |
---------------+-------------+-----
Polearms       | 4 5 |  5.4
Stealth        | 1 |  1.2
Fighting       | 3 |  3.3
Armour         | 2 |  2.2
Dodging        | 4 |  4.2
Throwing       | |  2.1

Action                   |  1- 3 |  4- 6 || total
-------------------------+-------+-------++-------
Melee: Trident           |   118 |    62 ||   180
       Headbutt          |    13 |     9 ||    22
Throw: Throwing net      |       |     1 ||     1
  Use: Potion            |     1 |     1 ||     2
       Scroll            |       |     1 ||     1
  Eat: Chunk             |     2 |     3 ||     5
Armor: Leather armour    |    21 |    12 ||    33
Dodge: Dodged            |    72 |    45 ||   117
